 Dungeon Crawl Stone Soup version 0.26-a0-863-g3bff4b215c (webtiles) character file.

Game seed: 3930616601590231329

97 miscthings the Firebug (level 4, -2/39 HPs)
             Began as an Ogre Fire Elementalist on Nov 25, 2020.
             Slain by an orc
             ... wielding a +0 falchion of freezing
              (6 damage)
             ... on level 2 of the Dungeon.
             The game lasted 00:05:44 (1982 turns).

miscthings the Firebug (Ogre Fire Elementalist)     Turns: 1982, Time: 00:05:45

Health: -2/39      AC:  3    Str: 12    XL:     4   Next: 68%
Magic:  9/9        EV: 10    Int: 17    God:
Gold:   70         SH:  0    Dex:  9    Spells: 9/10 levels left

rFire    . . .     SeeInvis .   n - -2 bardiche (curse)
rCold    . . .     Faith    .   (shield currently unavailable)
rNeg     . . .     Spirit   .   a - +0 robe
rPois    .         Reflect  .   (helmet restricted)
rElec    .         Harm     .   (no cloak)
rCorr    .         Rampage  .   (gloves unavailable)
MR       .....                  (boots unavailable)
Stlth    +.........             g - amulet of inaccuracy (curse)
HPRegen  0.13/turn              (no ring)
MPRegen  0.11/turn              (no ring)

@: hasted, very quick
A: large, unfitting armour, tough skin 1
a: no special abilities


You were on level 2 of the Dungeon.
You visited 1 branch of the dungeon, and saw 3 of its levels.

You collected 70 gold pieces.

Inventory:

Hand Weapons
 d - a +0 dagger
 m - a +0 hand axe
 n - a cursed -2 bardiche (weapon)
Missiles
 f - 2 silver javelins (quivered)
Armour
 a - a +0 robe (worn)
Jewellery
 c - an uncursed amulet of regeneration
 g - a cursed amulet of inaccuracy (around neck)
Scrolls
 b - a scroll of enchant weapon
 e - 2 scrolls of identify {@r1}
Potions
 h - a potion of resistance {unknown}
 i - a potion of ambrosia {unknown}
 j - a potion of curing
 l - a potion of magic {unknown}


   Skills:
 - Level 1.8 Dodging
 - Level 1.4 Stealth
 + Level 3.6 Spellcasting
 + Level 2.0 Conjurations
 + Level 3.6 Fire Magic


You had 9 spell levels left.
You knew the following spells:

 Your Spells              Type           Power        Failure   Level
a - Foxfire               Conj/Fire      ##..         4%          1

Your spell library contained the following spells:

 Spells                   Type           Power        Failure   Level
 Conjure Flame            Conj/Fire      ##......     16%         3
 Inner Flame              Hex/Fire       #.......     24%         3
 Sticky Flame             Conj/Fire      ##......     45%         4
 Fireball                 Conj/Fire      ##........   80%         5


Dungeon Overview and Level Annotations

Branches:
Dungeon (3/15)

Altars:
Ashenzari
Makhleb
Nemelex Xobeh
Uskayaw


Innate Abilities, Weirdness & Mutations

You are too large for most types of armour.
You have tough skin. (AC +1)


Message History

The rat bites you. The orc barely misses you. The orc hits you.
The rat closely misses you. x2
You miss the rat. The orc hits you but does no damage. The orc misses you.
The rat bites you but does no damage. The rat bites you.
* * * LOW HITPOINT WARNING * * *
The orc hits you but does no damage. The orc closely misses you.
The rat bites you but does no damage. The rat barely misses you.
You closely miss the rat. The orc hits you but does no damage.
The rat barely misses you. The orc barely misses you.
The rat bites you but does no damage. The orc hits you but does no damage.
The rat bites you but does no damage. The rat bites you.
* * * LOW HITPOINT WARNING * * *
The orc hits you with a +0 falchion of freezing.
* * * LOW HITPOINT WARNING * * *
The orc freezes you.
* * * LOW HITPOINT WARNING * * *
It was a potion of haste.
You feel yourself speed up. The orc barely misses you.
The rat bites you but does no damage. x2
The orc hits you with a +0 falchion of freezing.
You die...

#.....#...............##.....
#.##.##...............##.....
#..................#####.....
#.####.............# #.....
#.#........#+####### #.....
#.#...........<.# #.....
#.#......#...#### ######
#####'#......##or#
.............##o@#
###..........###r###########
..#..........#.............######
..#..........#..............†...#
..#.....................).......#
'##...........##...#####........#
..............##.### #........#
.............##### #........#
.............# #........#


You could see 2 orcs and 2 rats.

Vanquished Creatures
  2 adders (D:2)
  An ooze (D:1)
  A dart slug (D:1)
  2 leopard geckos (D:1)
  5 orcs (D:3)
  A ball python (D:1)
  2 giant cockroaches (D:2)
  8 goblins
  5 hobgoblins (D:1)
  8 jackals (D:1)
  4 kobolds
  9 bats
  8 frilled lizards
  6 rats
62 creatures vanquished.

Vanquished Creatures (collateral kills)
  A foxfire (D:2)
1 creature vanquished.

Vanquished Creatures (others)
  158 foxfires
158 creatures vanquished.

Grand Total: 221 creatures vanquished

Notes
Turn   | Place    | Note
-------+----------+-------------------------------------------
     0 | D:1      | miscthings the Ogre Fire Elementalist began the quest for
                  | the Orb.
     0 | D:1      | Reached XP level 1. HP: 16/16 MP: 3/3
   203 | D:1      | Reached XP level 2. HP: 16/24 MP: 2/5
   293 | D:1      | Reached skill level 1 in Conjurations
   528 | D:1      | Reached XP level 3. HP: 16/31 MP: 1/7
  1334 | D:2      | You fall into a shaft and drop 1 floor!
  1354 | D:3      | Reached XP level 4. HP: 39/39 MP: 2/8
  1586 | D:2      | Found a burning altar of Makhleb.
  1586 | D:2      | Found a faded altar of an unknown god.
  1592 | D:2      | Found a faded altar of an unknown god.
  1594 | D:2      | Found a hide-covered altar of Uskayaw.
  1595 | D:2      | Found a broken altar of Ashenzari.
  1862 | D:2      | Found a sparkling altar of Nemelex Xobeh.
  1982 | D:2      | Slain by an orc

Illustrated notes

Levels and vault maps discovered:
D:1:      matt_arrival_refuge, layout_loops_corners, minmay_parallelograms,
          chequers_serial_rivers_small_3
D:2:      layout_basic, chequers_temple_overflow_minitemple,
          nemelex_xobeh_ov_fountains_minmay, eino_tiny_chamber
D:3:      layout_basic, kennysheep_slug_shrine, minitemple, marbit_many_paths,
          uniq_robin

Skill      XL: |  1  2  3  4 |
---------------+-------------+-----
Fire Magic     | 3 |  3.6
Conjurations   | 1 2 |  2.0
Spellcasting   | 3 |  3.6
Dodging        | |  1.8
Stealth        | |  1.4

Action                   |  1- 3 |  4- 6 || total
-------------------------+-------+-------++-------
Melee: Unarmed           |    87 |       ||    87
       Dagger            |     2 |    15 ||    17
       Bardiche          |       |     5 ||     5
 Cast: Foxfire           |    78 |    32 ||   110
  Use: Scroll            |     2 |     1 ||     3
       Potion            |       |     2 ||     2
Armor: Robe              |    62 |    29 ||    91
Dodge: Dodged            |   105 |    44 ||   149

Table legend: (Time is in decaauts)
 A = Elapsed time spent in this place.
 B = Non-inter-level travel time spent in this place.
 C = Inter-level travel time spent in this place.
 D = Time resting spent in this place.
 E = Time spent auto-exploring this place.
 F = Levels seen in this place.
 G = Mean time per level.
                   A        B        C        D        E       F      G
               +--------+--------+--------+--------+--------+-----+--------+
         Total |   1989 |   1920 |     69 |    164 |   1091 |   3 |  663.0 |
       Dungeon |   1989 |   1920 |     69 |    164 |   1091 |   3 |  663.0 |
               +--------+--------+--------+--------+--------+-----+--------+

Top non-repeatable levels by time:
     D:1: 1216 daAuts
     D:2: 596 daAuts
     D:3: 176 daAuts
